 Dungeon Crawl Stone Soup version 0.23.0-3-gf3c87f2 (webtiles) character file.

Game seed: 11739428732076091851

3399 Gorice the Cleaver (level 9, -4/64 HPs)
             Began as a Demonspawn Monk on Feb 20, 2019.
             Was a Priest of Kikubaaqudgha.
             Slain by Harold
             ... wielding a +6 dire flail of holy wrath
              (27 damage)
             ... on level 8 of the Dungeon.
             The game lasted 00:35:20 (11128 turns).

Gorice the Cleaver (Demonspawn Monk)               Turns: 11128, Time: 00:35:20

Health: -4/64      AC: 13    Str: 16    XL:     9   Next: 75%
Magic:  18/18      EV:  7    Int: 11    God:    Kikubaaqudgha [***...]
Gold:   373        SH:  7    Dex: 15    Spells: 8/8 levels left

rFire    + + .     SeeInvis .   a - +3 dagger (elec)
rCold    . . .     Gourm    .   k - +0 buckler
rNeg     . . .     Faith    .   x - +0 chain mail
rPois    .         Spirit   .   i - +0 helmet
rElec    .         Reflect  .   H - +0 cloak
rCorr    .         Harm     .   (no gloves)
MR       .....                  (no boots)
Stlth    ..........             B - amulet of rage
HPRegen  0.20/turn              n - ring of magical power
MPRegen  0.16/turn              f - ring of protection from fire

@: no status effects
A: talons 1, large bone plates 1, fire resistance 1, flame cloud immunity
a: Receive Corpses, Renounce Religion, Evoke Berserk Rage


You were on level 8 of the Dungeon.
You worshipped Kikubaaqudgha.
Kikubaaqudgha was most pleased with you.
You were hungry.

You visited 2 branches of the dungeon, and saw 9 of its levels.

You collected 373 gold pieces.

Inventory:

Hand Weapons
 a - a +3 dagger of electrocution (weapon)
   (You took it off a kobold on level 3 of the Dungeon)
 b - a +1 dire flail of protection
   (You took it off Edmund on level 5 of the Dungeon)
 y - a +0 hand axe
 F - a +0 flail
 G - a +0 short sword of draining
   (You took it off an orc on level 4 of the Dungeon)
 I - a +1 dagger of venom
   (You took it off Dowan on level 5 of the Dungeon)
 N - a +1 demon trident of venom
   (You found it on level 8 of the Dungeon)
 O - a +1 battleaxe of chopping
   (You found it on level 8 of the Dungeon)
Missiles
 e - 11 bolts
 j - 96 sling bullets
 Y - 227 stones (quivered)
Armour
 i - a +0 helmet (worn)
 k - a +0 buckler (worn)
 q - a +0 ring mail
 x - a +0 chain mail (worn)
 H - a +0 cloak (worn)
 J - a +1 robe of resistance
   (You took it off Dowan on level 5 of the Dungeon)
Jewellery
 f - a ring of protection from fire (right hand)
 g - an uncursed amulet of magic regeneration
 n - a ring of magical power (left hand)
 B - an amulet of rage (around neck)
Wands
 r - a wand of polymorph (3)
 E - a wand of flame (16)
 M - a wand of acid (5)
 Q - a wand of clouds (5)
Scrolls
 h - a scroll of magic mapping {!r}
 l - 2 scrolls of fear {!r}
 s - 3 scrolls of amnesia
 u - a scroll of teleportation {!r}
 z - a scroll of enchant weapon
 A - 5 scrolls of remove curse
 C - 4 scrolls of identify
Potions
 d - 3 potions of heal wounds {!q}
 m - 4 potions of brilliance {!q}
 o - a potion of cancellation {!q}
 p - 7 potions of curing
 t - 2 potions of magic {!q}
 v - a potion of lignification {!q}
 w - 2 potions of haste {!q}
 D - a potion of flight
 K - a potion of might {!q}
 L - a potion of agility {!q}
Comestibles
 c - 20 rations
 P - 3 chunks of flesh


   Skills:
 - Level 3.3 Fighting
 * Level 10.7 Axes
 + Level 7.2 Armour
 - Level 2.6 Dodging
 - Level 1.7 Stealth


You had 8 spell levels left.
You didn't know any spells.
Your spell library contained the following spells:

 Spells                   Type           Power        Failure   Level  Hunger
 Pain                     Necr           #...         100%        1    ##.....
 Corpse Rot               Necr           N/A          100%        2    ###....
 Sublimation of Blood     Necr           #.........   100%        2    ###....
 Regeneration             Chrm/Necr      #.........   100%        3    ####...
 Animate Dead             Necr           N/A          100%        4    #####..
 Dispel Undead            Necr           #.......     100%        5    ######.
 Excruciating Wounds      Chrm/Necr      #.........   100%        5    ######.
 Death Channel            Necr           #.........   100%        6    #######
 Simulacrum               Ice/Necr       #.........   100%        6    #######


Dungeon Overview and Level Annotations

Branches:
Dungeon (8/15)             Temple (1/1) D:5
   Lair: D:8-11

Altars:
Ashenzari
Cheibriados
Dithmenos
Elyvilon
Fedhas
Gozag
Hepliaklqana
Kikubaaqudgha
Makhleb
Nemelex Xobeh
Okawaru
Qazlal
Ru
Sif Muna
Trog
Vehumet
Wu Jian
Yredelemnul
Zin
The Shining One

Shops:
D:8 (

Annotations:
D:8 Gastronok, Harold


Innate Abilities, Weirdness & Mutations

You have sharp toenails.
You are partially covered in large bone plates. (SH +4)
Your flesh is heat resistant. (rF+)
You are immune to clouds of flame.


Message History

You hit Harold. You claw Harold, but do no damage.
Harold is lightly wounded.
Harold is engulfed in noxious fumes.
Harold says, "Why is everything spinning?"
Harold hits you with a +6 dire flail of holy wrath.
You convulse.
Damage: 5 (max 6)
You catch the helpless Harold completely off-guard!
You hit Harold. Lightning courses through Harold! Your kick misses Harold.
Harold is moderately wounded.
Harold is engulfed in noxious fumes.
Harold appears confused.
You block Harold's attack.
Unknown command.
You hit Harold but do no damage.
Harold is moderately wounded.
Harold is engulfed in noxious fumes.
You block Harold's attack.
Unknown command.
You catch the helpless Harold completely off-guard!
You hit Harold. Lightning courses through Harold!
Harold is heavily wounded.
Harold is engulfed in noxious fumes.
Harold closely misses you.
You are feeling hungry.
You hit Harold but do no damage. Lightning courses through Harold!
You claw Harold.
Harold is almost dead.
Harold is engulfed in noxious fumes.
Really walk into that cloud of noxious fumes?
Okay, then.
Harold is engulfed in noxious fumes.
Harold appears confused.
Harold is engulfed in noxious fumes.
Harold appears confused.
Unknown command.
Harold hits you with a +6 dire flail of holy wrath.
You convulse.
Damage: 5 (max 6)
You hit Harold but do no damage.
Harold is almost dead.
Harold hits you with a +6 dire flail of holy wrath.
You convulse.
Damage: 4 (max 6)
You hit Harold but do no damage. Lightning courses through Harold!
Harold is almost dead.
Harold hits you with a +6 dire flail of holy wrath.
You convulse.
Damage: 6 (max 6)
You hit Harold but do no damage.
Harold is almost dead.
Harold hits you with a +6 dire flail of holy wrath!!
You convulse!!
You die...
Kikubaaqudgha rasps: "You have failed me!
Welcome... death!"

.#.##........###..........# #.
.#.##.##...............##.# #.
...# #.#######.#####.##.# #. ...#
.. ........####.....## #. ...# ##
##########........# #. ..##
.......รท.........# #. ..#
#########........#####. ..# #...
#######.............. ..# #....
#..@@...#'##......... (.# #....
#.##########......)..
..###....####..........+.........
..##.......##..#########.........
.................................
..#....w.#.##..#.......#.#.......
.......................#.########
.##......#.######......#.##
.......................+..# ##


You could see Harold (confused).

Vanquished Creatures
  A spriggan (D:7)
  Sigmund (D:5)
  A hungry ghost (D:5)
  Edmund (D:5)
  Duvessa (D:5)
  An orc warrior (D:6)
  2 sky beasts
  3 ogres
  3 centaurs
  5 bullfrogs (D:8)
  Dowan (D:5)
  2 scorpions (D:6)
  6 killer bees
  A wight (D:7)
  2 crimson imps
  A bullfrog zombie (D:8)
  A jelly (D:8)
  A centaur skeleton (D:8)
  4 orc priests
  A gnoll shaman (D:4)
  A hound (D:4)
  Terence (D:3)
  Jessica (D:3)
  2 iguanas
  11 orc wizards
  5 worker ants
  A hound skeleton (D:8)
  Robin (D:2)
  A howler monkey zombie (D:8)
  8 gnolls
  8 adders
  An ooze (D:2)
  4 adder skeletons
  4 worms
  2 dart slugs (D:2)
  3 leopard geckos
  26 orcs
  5 giant cockroaches
  15 goblins
  12 hobgoblins
  6 jackals
  7 kobolds
  4 quokkas
  2 ball pythons (D:1)
  9 bats
  6 frilled lizards
  A jackal skeleton (D:5)
  A quokka skeleton (D:6)
  6 rats
193 creatures vanquished.

Notes
Turn   | Place    | Note
-------+----------+-------------------------------------------
     0 | D:1      | Gorice the Demonspawn Monk began the quest for the Orb.
     0 | D:1      | Reached XP level 1. HP: 18/18 MP: 1/1
   280 | D:1      | Reached skill level 3 in Axes
   365 | D:1      | Gained mutation: Your flesh is heat resistant. (rF+)
                  | [demonic ancestry]
   365 | D:1      | Reached XP level 2. HP: 18/24 MP: 2/2
   952 | D:2      | Found a blossoming altar of Fedhas.
   966 | D:2      | HP: 7/24 [worm (7)]
  1367 | D:2      | Reached XP level 3. HP: 29/29 MP: 3/3
  1939 | D:2      | Reached skill level 4 in Axes
  1939 | D:2      | Reached skill level 1 in Armour
  2413 | D:2      | Gained mutation: You are partially covered in large bone
                  | plates. (SH +4) [demonic ancestry]
  2413 | D:2      | Reached XP level 4. HP: 19/35 MP: 4/4
  2437 | D:1      | HP: 10/35 [poisoned by an adder]
  2975 | D:3      | Noticed Terence
  3009 | D:3      | Killed Terence
  3141 | D:3      | Noticed Jessica
  3147 | D:3      | Killed Jessica
  3147 | D:3      | Reached XP level 5. HP: 33/41 MP: 5/5
  3342 | D:3      | Noticed Robin
  3371 | D:2      | Killed Robin
  3371 | D:2      | Reached skill level 2 in Armour
  3583 | D:3      | Reached skill level 5 in Axes
  3922 | D:3      | Found a radiant altar of Vehumet.
  4293 | D:4      | Reached XP level 6. HP: 47/47 MP: 6/6
  4379 | D:4      | Found a shattered altar of Ashenzari.
  4560 | D:4      | Found a burning altar of Makhleb.
  4897 | D:5      | Entered Level 5 of the Dungeon
  4900 | D:4      | Reached skill level 3 in Armour
  4914 | D:5      | Reached skill level 6 in Axes
  4948 | D:5      | Noticed a hungry ghost
  4974 | D:5      | Killed a hungry ghost
  4974 | D:5      | Reached XP level 7. HP: 52/52 MP: 7/7
  5177 | D:5      | Found a hazy altar of Hepliaklqana.
  5211 | D:5      | Found a staircase to the Ecumenical Temple.
  5229 | Temple   | Entered the Ecumenical Temple
  5429 | D:5      | Noticed Sigmund
  5449 | D:5      | Killed Sigmund
  5816 | D:5      | Found an ancient bone altar of Kikubaaqudgha.
  5816 | D:5      | Found a shadowy altar of Dithmenos.
  5826 | D:5      | Became a worshipper of Kikubaaqudgha
  5826 | D:5      | Reached * piety under Kikubaaqudgha
  5826 | D:5      | Identified Kikubaaqudgha's Handbook of Unholy Rituals
                  | (Kikubaaqudgha gifted it to you on level 5 of the Dungeon)
  5826 | D:5      | Received a gift from Kikubaaqudgha
  5826 | D:5      | Reached ** piety under Kikubaaqudgha
  5881 | D:5      | Noticed Edmund
  5922 | D:5      | Killed Edmund
  5922 | D:5      | Reached skill level 7 in Axes
  5922 | D:5      | Reached skill level 4 in Armour
  6381 | D:5      | Gained mutation: You have sharp toenails. [demonic
                  | ancestry]
  6381 | D:5      | Reached XP level 8. HP: 35/58 MP: 8/8
  6615 | D:5      | Noticed Duvessa
  6615 | D:5      | Noticed Dowan
  6629 | D:5      | Killed Duvessa
  6632 | D:5      | Killed Dowan
  6632 | D:5      | Reached skill level 8 in Axes
  6884 | D:4      | Reached skill level 5 in Armour
  7881 | D:7      | Reached skill level 9 in Axes
  8003 | D:7      | Found an opulent altar of Gozag.
  8232 | D:6      | Gained mutation: You are immune to clouds of flame.
                  | [demonic ancestry]
  8232 | D:6      | Reached XP level 9. HP: 41/63 MP: 9/9
  8543 | D:7      | Reached skill level 6 in Armour
  8791 | D:6      | HP: 28/94 [killer bee (3)]
  8796 | D:6      | HP: 26/94 [poisoned by a killer bee]
  8802 | D:6      | HP: 17/63 [poisoned by a killer bee]
  8807 | D:6      | HP: 16/63 [poisoned by a killer bee]
  8812 | D:6      | HP: 16/63 [poisoned by a killer bee]
  9131 | D:7      | Found a deep blue altar of Sif Muna.
  9422 | D:7      | Reached skill level 10 in Axes
 10037 | D:8      | Reached *** piety under Kikubaaqudgha
 10037 | D:8      | Identified Kikubaaqudgha's Compendium of Darkness
                  | (Kikubaaqudgha gifted it to you on level 8 of the Dungeon)
 10037 | D:8      | Received a gift from Kikubaaqudgha
 10219 | D:8      | Noticed Gastronok
 10396 | D:8      | Reached skill level 7 in Armour
 10720 | D:8      | Noticed Harold
 10736 | D:8      | HP: 18/64 [Harold/+6 dire flail of holy wrath (13)]
 10999 | D:8      | Found Nafen's Weapon Shoppe.
 11128 | D:8      | Slain by Harold

Skill      XL: |  1  2  3  4  5  6  7  8  9 |
---------------+----------------------------+-----
Axes           | 3 4 5 6 7 9 10 | 10.7
Armour         | 1 2 3 4 5 7 |  7.2
Fighting       | |  3.3
Dodging        | |  2.6
Stealth        | |  1.7

Action                   |  1- 3 |  4- 6 |  7- 9 || total
-------------------------+-------+-------+-------++-------
Melee: Hand axe          |   186 |    35 |     2 ||   223
       Dagger            |       |   159 |   391 ||   550
       Kick              |       |       |    98 ||    98
       Unarmed           |       |       |     8 ||     8
Throw: Stone             |     5 |    17 |    10 ||    32
 Abil: Evoke Berserk Rag |       |       |     5 ||     5
Evoke: Wand              |       |       |     4 ||     4
  Use: Scroll            |     9 |     5 |     5 ||    19
       Potion            |       |       |     1 ||     1
 Stab: Sleeping          |     2 |       |       ||     2
       Confused          |       |       |     3 ||     3
  Eat: Chunk             |     5 |     8 |    20 ||    33
       Ration            |       |       |     2 ||     2
Armor: Robe              |    15 |       |       ||    15
       Ring mail         |    50 |     5 |       ||    55
       Chain mail        |       |    71 |   186 ||   257
       Skin              |       |       |     1 ||     1
Dodge: Dodged            |   107 |    47 |   113 ||   267
Block: Buckler           |    20 |    52 |   120 ||   192

Table legend:
 A = Turns spent in this place as a percentage of turns spent in the entire game.
 B = Non-inter-level travel turns spent in this place as a percentage of non-inter-level travel turns spent in the entire game.
 C = Inter-level travel turns spent in this place as a percentage of turns spent in this place.
 D = Turns resting spent in this place as a percentage of non-inter-level travel turns spent in this place.
 E = Turns spent auto-exploring this place as a percentage of non-inter-level travel turns spent in this place.
 F = Non-inter-level travel turns spent in this place divided by the number of levels of this place that you've seen.
                   A       B       C       D       E      F
               +-------+-------+-------+-------+-------+----------------------
         Total | 100.0 | 100.0 |   4.2 |  37.5 |  35.6 | 1184.4
       Dungeon |  98.2 |  98.4 |   4.1 |  38.2 |  34.6 | 1310.9
        Temple |   1.8 |   1.6 |  11.3 |   0.0 |  98.8 | 173.0
               +-------+-------+-------+-------+-------+----------------------

Levels and vault maps discovered:
D:1:      roderic_octagonal_star, layout_basic, serial_glass, glass_columns_a,
          glass_columns_c, minmay_domino_4
D:2:      layout_basic, fedhas_altar_1
D:3:      layout_rooms, overflow_temple_1_default, uniq_jessica, uniq_terence,
          uniq_robin
D:4:      layout_gridville, old_standard_altar, first_ration,
          cheibrodos_ashenzari_chains
D:5:      layout_gridville, lemuel_coloured_pillars_altar,
          chequers_temple_overflow_statue_of_worship,
          minmay_temple_entry_slanted, chequers_decorated_corner,
          chequers_mini_garden, hangedman_abyss_or_decor_stabs, uniq_duvessa,
          uniq_sigmund, uniq_edmund
D:6:      layout_basic
D:7:      layout_cave_pools, lemuel_crystal_altar, nicolae_gozag_seed_capital,
          the_bakery, st_stairs_12, minmay_between
D:8:      layout_basic, kennysheep_mini, serial_shops, nicolae_shop_stone,
          minmay_shop_damaged, uniq_harold, uniq_gastronok
Temple:   minmay_temple_bridge_abc
